Unix xNetHack Version 8.0.0 - last build Mar 23 2024 02:42:02 (1964348d4f5f1cf1067ea9968e02252fcc83c468). Game began 2024-04-01 08:20:02, ended 2024-04-01 08:40:10. Catomat, neutral female human Wizard ----------- ------------- |..........################## |...........| ------ |.....)...| -----------# #............| |....| ##-.......... ...{.......+#######-----|------- |.>..| # -----.----- .|# # |....-###### |# # -.--.- ## # ### ## # # ### #####@e ##**#########0### # # ######B ### # ####0#### # -----|--------## ### ############ -----|---- |.............# -.-.--.-|--- |........| |............| |..........| |<.......| |............| ...........| |........| |............| |..........| |........| |............| |..{.......| ---------- -------------- |..........| |..........| ------------ Catomat the Conjurer St:10 Dx:15 Co:14 In:18 Wi:8 Ch:10 Neutral S:693 Dlvl:3 $:23 HP:0(34) Pw:31(31) AC:8 Xp:4/130 T:1168 Latest messages: The gecko bites! In what direction? The spell hits the gecko! You kill the gecko! There is a doorway here. You see here a gecko corpse. There is a gecko corpse here; eat it? [ynq] (n) This gecko corpse is fatty. You finish eating the gecko corpse. The door opens. In what direction? The spell hits the grid bug! You kill the grid bug! You see here a crude dagger. You hear bubbling water. With great effort you move the boulder. The door opens. You hit the jackal. The jackal bites! In what direction? The spell misses the jackal. The jackal bites! In what direction? The spell hits the jackal! You kill the jackal! A - a ruby potion {20}. This door is locked. This door is locked. In what direction? You kick the door. The door crashes open! You try to move the boulder, but in vain. You try to move the boulder, but in vain. In what direction? The boulder falls apart. You hear a crumbling sound. You see here 14 rocks. You see here 39 rocks. B - a scroll labeled XIXAXA XOXAXA XUXAXA {5}. You hit the floating eye. You are frozen by the floating eye's gaze! The giant bat bites! The giant bat bites! The giant bat bites! The giant bat bites! The giant bat bites! The giant bat bites! You die... Do you want your possessions identified? [ynq] (y) Do you want to see your attributes? [ynq] (y) Inventory: Inventory: 348/650 weight (24/52 slots) Coins $ - 23 gold pieces {1} Weapons d - a +0 dagger (weapon in hand) {10} m - 2 blessed +0 orcish daggers {20} a - a blessed +1 quarterstaff (alternate weapon; not wielded) {40} Armor l - an uncursed +0 orcish helm (being worn) {23} x - a blessed +1 pair of leather gloves {10} v - an uncursed +0 pair of dwarvish boots {50} b - an uncursed +0 cloak of magic resistance (being worn) {8} Comestibles r - an uncursed food ration {20} j - an uncursed lichen corpse {20} Scrolls i - an uncursed scroll of amnesia {5} o - an uncursed scroll of create monster {5} n - an uncursed scroll of food detection {5} B - an uncursed scroll of gold detection {5} s - an uncursed scroll of light {5} t - an uncursed scroll of remove curse {5} w - an uncursed scroll of teleportation {5} Potions u - a cursed potion of enlightenment {20} k - an uncursed potion of extra healing {20} z - an uncursed potion of healing {20} y - an uncursed potion of levitation {20} A - an uncursed potion of oil {20} Rings p - an uncursed ring of see invisible {3} Wands h - a wand of teleportation (0:7) {7} Tools g - an uncursed blindfold {2} Catomat the Wizard's attributes: Background: You were a Conjurer, a level 4 female human Wizard. You were neutral, nominally on a mission for Thoth who was opposed by Ptah (lawful) and Anhur (chaotic). You were heterosexual. You were in the Dungeons of Doom, on level 3. You entered the dungeon 1168 turns ago. You had 130 experience points, 30 more were needed to attain level 5. Your score was 693 before end-of-game adjustments. Basics: You had 0 out of 34 hit points. You had all 31 energy points (spell power). Your armor class was 8. Your wallet contained 23 zorkmids. Autopickup was on for '$"?!=/' plus thrown. Final Characteristics: Your strength was 10 (limit:18/100). Your dexterity was 15 (limit:18). Your constitution was 14 (limit:18). Your intelligence was 18 (limit:18). Your wisdom was 8 (limit:18). Your charisma was 10 (limit:18). Final Status: You were not hungry. You were unencumbered. You were wielding a dagger. You were unskilled in dagger. Final Attributes: You were fervently aligned. You were magic-protected. You were warded. You are dead. Miscellaneous: You never encountered a bones level. Total elapsed playing time was 20 minutes and 4 seconds. Major events: Turn 1: Catomat the neutral female human Wizard entered the dungeon 287: attained the rank of Conjurer (level 3) 615: entered the Gnomish Mines 1168: killed by a giant bat, while frozen by a floating eye's gaze Vanquished creatures: a kitten a dwarf an orc zombie an acid blob a gas spore a hobbit 6 gnomes a gnome zombie 3 geckos 6 jackals 6 goblins 4 sewer rats 7 grid bugs 2 lichens a kobold zombie 5 newts 47 creatures vanquished. No species were genocided or became extinct. Voluntary challenges: You were an atheist. You read items or engraved 2 times. You never genocided any monsters. You never polymorphed an object. You never changed form. You never touched an artifact. You used no wishes. You never scared an enemy with impunity. You were celibate. You never generated conflict. Achievements: You attained the rank of Conjurer. You entered the Gnomish Mines. Dungeon overview: The Dungeons of Doom: levels 1 to 4 Level 1: A fountain. Level 2: "bookstash" A fountain. Stairs down to The Gnomish Mines. Level 3: <- You were here. Some fountains. Final resting place for you, killed by a giant bat, while frozen by a floating eye's gaze. Level 4: The Gnomish Mines: levels 3 to 4 Level 3: Level 4: Game over: __________ / \ / REST \ / IN \ / PEACE \ / \ | Catomat | | 23 Au | | killed by a | | giant bat | | | | | | 2024 | *| * * * | * _________)/\\_//(\/(/\)/\//\/|_)_______ Goodbye Catomat the Wizard... You died in The Dungeons of Doom on dungeon level 3 with 691 points, and 23 pieces of gold, after 1168 moves. You were level 4 with a maximum of 34 hit points when you died.